 Dungeon Crawl Stone Soup version 0.30.1-6-gbe392663c4 (webtiles) character file.

Game seed: 16131864617694303638

2955 Ivernyr the Cruncher (level 10, -4/79 HPs)
             Began as a Formicid Fighter on Sept 20, 2023.
             Was a Believer of Wu Jian.
             Slain by a swamp worm (10 damage)
             ... on level 7 of the Dungeon.
             The game lasted 00:13:30 (6397 turns).

Ivernyr the Cruncher (Formicid Fighter)             Turns: 6397, Time: 00:13:31

Health: -4/79      AC:  8    Str: 32    XL:     10   Next: 8%
Magic:  10/10      EV: 14    Int: 11    God:    Wu Jian [**....]
Gold:   556        SH:  6    Dex: 19    Spells: 9/9 levels left

rFire   x . .        a - +4 quarterstaff (chaos)
rCold   . . .        c - +0 buckler
rNeg    . . .        b - +2 ring mail {Will+}
rPois   .            (helmet unavailable)
rElec   .            (no cloak)
rCorr   .            (no gloves)
SInv    +            (no boots)
Will    ++...        (no amulet)
Stlth   +            r - ring of Hicsoaha {+Blink rF- Str+6 Int+4 Slay+5}
HPRegen 0.33/turn    s - +6 ring of dexterity
MPRegen 0.12/turn

%: no passive effects
@: very slow
A: permanent stasis, dig shafts and tunnels, antennae 3, four strong arms
a: Dig, Shaft Self, Renounce Religion, Wall Jump


You were on level 7 of the Dungeon.
You worshipped Wu Jian.
Wu Jian was pleased with you.
You visited 1 branch of the dungeon, and saw 7 of its levels.

You collected 556 gold pieces.

Inventory:

Hand Weapons
 a - a +4 quarterstaff of chaos (weapon)
Armour
 b - a +2 ring mail of willpower (worn)
 c - a +0 buckler (worn)
Jewellery
 r - the ring of Hicsoaha (left hand) {+Blink rF- Str+6 Int+4 Slay+5}
   (You found it on level 3 of the Dungeon)

   [ring of strength]

   Str:       It affects your strength (+6).
   Int:       It affects your intelligence (+4).
   Slay:      It affects your accuracy & damage with ranged weapons and melee
   (+5).
   rF:        It makes you vulnerable to fire.
   +Blink:    It lets you blink.
 s - a +6 ring of dexterity (right hand)
Wands
 o - a wand of paralysis (19)
Scrolls
 e - a scroll of brand weapon {unknown}
 g - 2 scrolls of magic mapping {unknown}
 h - 6 scrolls of noise {unknown}
 i - 2 scrolls of fog {unknown}
 j - 2 scrolls of enchant armour {unknown}
 m - 7 scrolls of teleportation {unknown}
 n - a scroll of enchant weapon {unknown}
 p - a scroll of silence {unknown}
 q - 6 scrolls of identify {unknown}
 u - a scroll of vulnerability {unknown}
 x - a scroll of immolation {unknown}
 y - a scroll of amnesia {unknown}
 A - a scroll of fear {unknown}
 C - a scroll of blinking {unknown}
Potions
 d - a potion of attraction {unknown}
 f - a potion of invisibility {unknown}
 k - 3 potions of curing {unknown}
 l - 2 potions of brilliance {unknown}
 t - 2 potions of heal wounds {unknown}
 v - a potion of degeneration {unknown}
 w - 2 potions of lignification {unknown}
 z - a potion of resistance {unknown}
 B - a potion of flight {unknown}


   Skills:
 + Level 7.2 Fighting
 * Level 8.6 Staves
 + Level 7.3 Armour
 + Level 5.1 Dodging
 - Level 4.3 Shields


You had 9 spell levels left.
You didn't know any spells.
Your spell library contained the following spells:

 Spells                   Type           Power      Damage    Failure   Level
 Sublimation of Blood     Necr           0%         N/A       63%         2
 Ozocubu's Armour         Ice            0%         N/A       85%         3
 Summon Guardian Golem    Hex/Summ       0%         N/A       85%         3
 Petrify                  Tmut/Erth      0%         N/A       99%         4
 Irradiate                Conj/Tmut      0%         3d11      100%        5
 Metabolic Englaciation   Hex/Ice        0%         N/A       100%        5
 Simulacrum               Ice/Necr       0%         N/A       100%        6
 Orb of Destruction       Conj           0%         9d5       100%        7
 Spellforged Servitor     Conj/Summ      0%         N/A       100%        7


Dungeon Overview and Level Annotations

Branches:
Dungeon (7/15)             Temple (0/1) D:5

Altars:
Cheibriados
Fedhas
Makhleb
Ru
Wu Jian
Xom
Yredelemnul


Innate Abilities, Weirdness & Mutations

You cannot be hasted, slowed, berserked, paralysed or teleported.
You can dig through walls and to a lower floor.
You have a pair of large antennae on your head. (SInv)
Your four strong arms can wield two-handed weapons with a shield.


Message History

Splash!
You fall into the shallow water.
Moving in this stuff is going to be slow.
The swamp worm bites you!
The swamp worm fires a harpoon shot at you.
The harpoon shot hits you!
You are yanked forward by the harpoon shot.
Splash!
You fall into the shallow water.
Moving in this stuff is going to be slow.
You block the swamp worm's attack.
The swamp worm bites you but does no damage.
The swamp worm bites you.
You enter the shallow water.
Moving in this stuff is going to be slow.
You spin and attack the swamp worm repeatedly.
You sock the swamp worm! You burn the swamp worm.
The swamp worm is moderately wounded.
Your unstable footing causes you to fumble your attack.
You spin and attack the swamp worm repeatedly.
You sock the swamp worm!
The swamp worm is moderately wounded.
You bludgeon the swamp worm!!
The swamp worm looks as sick as possible!
The swamp worm is almost dead.
You kill the swamp worm!
The Council accepts your kill. The swamp worm barely misses you. x2
The swamp worm attacks as you move away!
The swamp worm bites you but does no damage.
The swamp worm attacks as you move away!
The swamp worm bites you!
* * * LOW HITPOINT WARNING * * *
The swamp worm fires a harpoon shot at you.
The harpoon shot hits you!
* * * LOW HITPOINT WARNING * * *
You are yanked forward by the harpoon shot.
Splash!
The swamp worm closely misses you. The swamp worm bites you!
You die...

.........~~ ~~... .......~~~
#~~~~. .)..~~≈###~# #≈~~
...~~~#~?~ #≈~ #.~~~~~~~
#~~####### ####~~~# ##≈~..#<.##
#...~~≈### ###~~~)).....
+...'~w†~###~~~~..))....
#...#.w@~≈~≈~~..........
######'#####~~~~~########'##
#.........)..........###..# ..
#....................'....# ..
#....................#....#
..#+##....................###..#
#......#################....#..##
#......# ........)....#....#...#
#......# ........).)).'....#...#


You could see 2 swamp worms.

Vanquished Creatures
  Grinder (D:5)
  Prince Ribbit (D:5)
  Menkaure (D:4)
  Edmund (D:4)
  A swamp worm (D:7)
  A water moccasin (D:7)
  An orc warrior (D:7)
  An ice beast (D:6)
  4 ogres
  A centaur (D:7)
  3 phantoms
  A kobold brigand (D:5)
  Blork the orc (D:4)
  2 bullfrogs (D:6)
  A scorpion (D:5)
  Crazy Yiuf (D:5)
  A hound (D:6)
  7 orc priests
  A jelly (D:5)
  A gnoll bouda (D:6)
  Ijyb (D:3)
  Natasha (D:3)
  Terence (D:3)
  7 orc wizards
  Robin (D:4)
  7 gnolls (D:6)
  8 adders
  2 white imps
  2 worms (D:3)
  3 dart slugs
  39 orcs
  8 ball pythons
  13 endoplasms
  6 giant cockroaches
  24 goblins
  9 hobgoblins
  5 quokkas
  10 bats
  3 frilled lizards
  15 kobolds
  5 rats
202 creatures vanquished.

Notes
Turn   | Place    | Note
-------+----------+-------------------------------------------
     0 | D:1      | Ivernyr the Formicid Fighter began the quest for the Orb.
     0 | D:1      | Reached XP level 1. HP: 18/18 MP: 1/1
   117 | D:1      | Reached XP level 2. HP: 20/24 MP: 2/2
   236 | D:1      | Found a faded altar of an unknown god.
   311 | D:1      | Reached XP level 3. HP: 29/29 MP: 3/3
  1158 | D:2      | Reached skill level 3 in Staves
  1158 | D:2      | Reached XP level 4. HP: 35/37 MP: 4/4
  1556 | D:3      | Found a blossoming altar of Fedhas.
  1611 | D:3      | Reached skill level 1 in Dodging
  1642 | D:3      | Noticed Terence
  1653 | D:3      | Killed Terence
  1654 | D:3      | Reached XP level 5. HP: 32/42 MP: 5/5
  1739 | D:3      | Found a burning altar of Makhleb.
  1739 | D:3      | Noticed a cacodemon
  1742 | D:3      | Noticed an orange demon
  1742 | D:3      | Noticed a ynoxinul
  1941 | D:3      | Noticed Ijyb
  1950 | D:3      | Killed Ijyb
  2121 | D:3      | Found a snail-covered altar of Cheibriados.
  2141 | D:3      | Found a sacrificial altar of Ru.
  2391 | D:3      | Identified the ring of Hicsoaha {+Blink rF- Str+6 Int+4
                  | Slay+5}
  2412 | D:3      | Reached XP level 6. HP: 48/48 MP: 6/6
  2662 | D:3      | Noticed Natasha
  2668 | D:3      | Killed Natasha
  2669 | D:3      | Reached skill level 4 in Staves
  2776 | D:4      | Noticed an ogre
  2781 | D:4      | Killed an ogre
  2802 | D:4      | Reached XP level 7. HP: 54/55 MP: 7/7
  2894 | D:4      | Noticed Edmund
  2910 | D:4      | Killed Edmund
  2911 | D:4      | Reached skill level 5 in Staves
  3121 | D:4      | Identified the ring of Due Proportion {Drain rElec rCorr
                  | MP+9 Int+6}
  3143 | D:4      | Noticed Robin
  3172 | D:4      | Killed Robin
  3173 | D:4      | Reached skill level 5 in Armour
  3187 | D:4      | Noticed Menkaure
  3229 | D:4      | Killed Menkaure
  3230 | D:4      | Reached skill level 5 in Fighting
  3230 | D:4      | Reached XP level 8. HP: 30/62 MP: 8/8
  3438 | D:4      | Noticed Blork the orc
  3446 | D:4      | Killed Blork the orc
  3709 | D:4      | Found an ornate altar of the Wu Jian Council.
  3846 | D:4      | Became a worshipper of the Wu Jian Council
  3913 | D:5      | Entered Level 5 of the Dungeon
  4095 | D:5      | Reached skill level 6 in Staves
  4243 | D:5      | Noticed Prince Ribbit
  4249 | D:5      | Killed Prince Ribbit
  4305 | D:5      | Found a staircase to the Ecumenical Temple.
  4331 | D:5      | Found a runed translucent door.
  4336 | D:5      | Noticed Crazy Yiuf
  4340 | D:5      | Killed Crazy Yiuf
  4429 | D:5      | Noticed Grinder
  4434 | D:5      | Reached * piety under Wu Jian
  4437 | D:5      | Killed Grinder
  4438 | D:5      | Reached skill level 7 in Staves
  4438 | D:5      | Reached XP level 9. HP: 61/69 MP: 9/9
  5068 | D:6      | Found a basalt altar of Yredelemnul.
  5427 | D:6      | Reached skill level 8 in Staves
  6175 | D:7      | Reached ** piety under Wu Jian
  6246 | D:7      | Reached skill level 5 in Dodging
  6255 | D:7      | Reached XP level 10. HP: 70/79 MP: 10/10
  6299 | D:7      | Found a shimmering altar of Xom.
  6300 | D:7      | Found a shimmering altar of Xom.
  6310 | D:7      | Found a shimmering altar of Xom.
  6310 | D:7      | Found a shimmering altar of Xom.
  6312 | D:7      | Found a shimmering altar of Xom.
  6312 | D:7      | Found a shimmering altar of Xom.
  6397 | D:7      | Slain by a swamp worm

Illustrated notes

Levels and vault maps discovered:
D:1:      dpeg_arrival_fog, layout_loops_ring, shapermc_ecumenical_altar_gd,
          serial_forest, infiniplex_forest_clump_tiny,
          infiniplex_forest_zigzag_1, infiniplex_forest_clump_double,
          infiniplex_forest_clump_large, infiniplex_forest_straight_3
D:2:      layout_basic
D:3:      minmay_recursive_quarters, layout_loops_corners,
          makhleb_altar_promises_db, fedhas_altar_4, kennysheep_slug_shrine,
          nicolae_ru_path_of_blood, ebering_dispersal_statue_hall,
          minmay_statues_item, chequers_serial_rivers_large_a, glass_columns_a,
          minmay_fractal_squares_diagonal_5, uniq_terence, uniq_natasha,
          uniq_ijyb
D:4:      layout_loops_ring, nicolae_wu_jian_immortal_techniques,
          nicolae_goblin_pals, uniq_edmund, uniq_blork_the_orc, uniq_menkaure
D:5:      layout_loops_corners, temple_hall, chequers_arboretum, uniq_grinder,
          uniq_prince_ribbit1, uniq_crazy_yiuf_cottage
D:6:      layout_layer_cave, kennysheep_little_box, minmay_ogre_servants
D:7:      layout_gridville, xom_shifter_show,
          mainiacjoe_overflow_large_starburst, worms_lemuel

Skill      XL: |  1  2  3  4  5  6  7  8  9 |
---------------+----------------------------+-----
Staves         | 3 4 5 7 8 |  8.6
Dodging        | 1 2 3 4 5 |  5.1
Armour         | 4 5 6 7 |  7.3
Fighting       | 4 5 6 7 |  7.2
Shields        | |  4.3

Action                     |  1- 3 |  4- 6 |  7- 9 | 10-12 || total
---------------------------+-------+-------+-------+-------++-------
  Melee: Quarterstaff      |    75 |   150 |   240 |     8 ||   473
Ability: Lunge             |       |       |    17 |       ||    17
         Whirlwind         |       |       |    18 |     2 ||    20
    Use: Potion            |       |     1 |       |       ||     1
   Stab: Paralysed         |       |       |     1 |       ||     1
         Sleeping          |       |       |     1 |       ||     1
 Armour: Scale mail        |    26 |    56 |     1 |       ||    83
         Ring mail         |       |       |    45 |     3 ||    48
  Dodge: Dodged            |    34 |    71 |   108 |     7 ||   220
  Block: Buckler           |    14 |    39 |    39 |     2 ||    94
